 Dungeon Crawl Stone Soup version 0.21.1-1-g345015fe64 (webtiles) character file.

20981 KingHarkinian the Earth Mage (level 12, -4/64 HPs)
             Began as a Gargoyle Earth Elementalist on Apr 15, 2018.
             Was a High Priest of Hepliaklqana.
             Slain by a very large slime creature (41 damage)
             ... on level 12 of the Dungeon.
             The game lasted 01:31:13 (13127 turns).

KingHarkinian the Earth Mage (GrEE)                Turns: 13127, Time: 01:31:14

Health: -4/64      AC: 23    Str: 11    XL:     12   Next: 85%
Magic:  0/24       EV: 16    Int: 22    God:    Hepliaklqana [*****.]
Gold:   635        SH:  3    Dex: 10    Spells: 13/28 levels left

rFire    . . .     SeeInvis .   p - +1 mace (protect)
rCold    + . .     Gourm    .   (no shield)
rNeg     + . .     Faith    .   Y - +0 troll leather armour
rPois    ∞         Spirit   .   l - +2 helmet
rElec    +         Reflect  +   (no cloak)
rCorr    .         Harm     .   y - +0 pair of gloves
MR       .....                  (no boots)
Stlth    ++........             K - +3 amulet of reflection
HPRegen  0.60/turn              r - +3 ring of evasion
MPRegen  0.19/turn              Q - ring of protection from cold

@: protection aura
A: reduced essence, negative energy resistance 1, electricity resistance,
unbreathing, petrification resistance, rot immunity, AC +8
a: Recall Ancestor, Ancestor Identity, Transference, Idealise, Renounce Religion


You were on level 12 of the Dungeon.
You worshipped Hepliaklqana.
Hepliaklqana was extremely pleased with you.
You were hungry.

You visited 2 branches of the dungeon, and saw 13 of its levels.
You also visited: Ice Cave.

You collected 655 gold pieces.
You spent 20 gold pieces at shops.

Inventory:

Hand Weapons
 p - a +1 mace of protection (weapon)
 V - a cursed -3 dire flail
Missiles
 b - 17 stones (quivered)
 s - 4 throwing nets
 u - 12 javelins
Armour
 c - a +0 robe
 l - a +2 helmet (worn)
 y - a +0 pair of gloves (worn)
 Y - a +0 troll leather armour (worn)
Magical Staves
 w - an uncursed staff of death
Jewellery
 a - an uncursed ring of flight
 r - a +3 ring of evasion (left hand)
 G - an uncursed ring of see invisible
 K - a +3 amulet of reflection (around neck)
 L - an uncursed ring of resist corrosion
 Q - a ring of protection from cold (right hand)
 U - an uncursed amulet of the gourmand
Wands
 h - a wand of scattershot (3)
 v - a wand of random effects (46)
 A - a wand of enslavement (8)
 O - a wand of polymorph (16)
 S - a wand of iceblast (5)
 T - a wand of flame (41)
Scrolls
 f - 3 scrolls of enchant weapon
 q - a scroll of fear
 x - 2 scrolls of immolation
 z - 3 scrolls of teleportation
 D - 2 scrolls of remove curse
 H - a scroll of blinking
Potions
 g - 6 potions of curing
 i - a potion of brilliance
 j - 4 potions of heal wounds
 k - 5 potions of magic
 m - 4 potions of flight
 n - 3 potions of lignification
 o - 4 potions of might
 t - 2 potions of mutation
 C - 2 potions of invisibility
 F - a potion of berserk rage
 J - a potion of agility {unknown}
 N - a potion of ambrosia {unknown}
 Z - a potion of haste {unknown}
Books
 e - a book of Geomancy

   Spells                             Type                      Level
   a - Sandblast                      Earth                        1
   b - Passwall                       Transmutation/Earth          2
   c - Stone Arrow                    Conjuration/Earth            3
   d - Petrify                        Transmutation/Earth          4
   e - Lee's Rapid Deconstruction     Earth                        5
 E - a book of Cantrips

   Spells                             Type                      Level
   a - Confusing Touch                Hexes                        1
   b - Animate Skeleton               Necromancy                   1
   c - Summon Small Mammal            Summoning                    1
   d - Apportation                    Translocation                1
 P - a book of Minor Magic

   Spells                             Type                      Level
   a - Magic Dart                     Conjuration                  1
   b - Blink                          Translocation                2
   c - Call Imp                       Summoning                    2
   d - Slow                           Hexes                        2
   e - Conjure Flame                  Conjuration/Fire             3
   f - Mephitic Cloud                 Conjuration/Poison/Air       3
Miscellaneous
 X - a lightning rod (4/4)
Comestibles
 d - 19 rations
 B - 5 chunks of flesh


   Skills:
 - Level 7.0 Fighting
 - Level 4.0 Maces & Flails
 - Level 4.1 Dodging
 - Level 2.1 Stealth
 + Level 8.6 Spellcasting
 + Level 9.7 Conjurations
 - Level 0.7 Transmutations
 * Level 15.5 Earth Magic
 - Level 4.0 Evocations


You had 13 spell levels left.
You knew the following spells:

 Your Spells              Type           Power        Failure   Level  Hunger
a - Sandblast             Erth           ######       0%          1    None
b - Stone Arrow           Conj/Erth      ######       1%          3    None
c - Passwall              Tmut/Erth      #####.....   1%          2    None
d - Petrify               Tmut/Erth      #####...     3%          4    ##.....
e - Lee's Rapid Deconstr  Erth           ######....   1%          5    #####..


Dungeon Overview and Level Annotations

Branches:
Dungeon (12/15)            Temple (1/1) D:4            Lair (0/6) D:9
    Orc: D:9-12

Altars:
Ashenzari
Cheibriados
Dithmenos
Elyvilon
Fedhas
Gozag
Hepliaklqana
Kikubaaqudgha
Makhleb
Nemelex Xobeh
Okawaru
Qazlal
Ru
Sif Muna
Trog
Uskayaw
Vehumet
Wu Jian
Xom
Yredelemnul
Zin
The Shining One

Shops:
D:5 *


Innate Abilities, Weirdness & Mutations

You are resistant to torment.
Your stone body is resilient. (AC +8)
You are immune to poison.
You resist negative energy. (rN+)
You are resistant to electric shocks. (rElec)
You can survive without breathing.
You are immune to petrification.
You are immune to rotting.
Your life essence is reduced to manifest your ancestor. (-10% HP)


Message History

Aiming: Sandblast
Press: ? - help, Shift-Dir - straight line, f - slime creature, p - very large slime creature
Aim: a slime creature (severely wounded)
Okay, then.
You sock the slime creature!
The slime creature is almost dead.
The slime creature completely misses you.
The very large slime creature closely misses you.
Casting: Sandblast
Confirm with . or Enter, or press ? or * to list all spells.
Aiming: Sandblast
Press: ? - help, Shift-Dir - straight line, f - slime creature, p - very large slime creature
Aim: a slime creature (almost dead)
The blast of sand hits the slime creature.
The slime creature is almost dead.
b - 17 stones The slime creature hits you.
The very large slime creature hits you!!!
Ouch! That really hurt!
You die...

.# #.....## #. ## #####..# ##
# ###'#### ###### ##
###......# ######....# .#
###<'......####.'.##....# .#
#...#......#..#....J.JJ.#
.####.###...<..'.......#..4J#
.##...# #......#J#######?44.#
.#..### #......#@J.## ######
.'.##
#......###..#############
.### #......#
###.'.....##.... .# ####'###
###.....###### ## ##.#
#.....# ##..# #....># #..##
####'## ##.## #..# #..# #.##


You could see a very large slime creature and a slime creature.

Vanquished Creatures
  8 two-headed ogres
  2 skeletal warriors (D:12)
  A harpy (shapeshifter) (D:12)
  An ugly thing (D:11)
  4 slime creatures (D:12)
  2 ice devils (D:12)
  2 trolls (D:11)
  A hornet (D:10)
  2 hippogriffs
  3 yaks (D:10)
  The ghost of Groucho the Ducker, an amateur FeMo of Wu Jian (D:4)
  A hungry ghost (D:11)
  3 hogs (D:7)
  An acid dragon (D:11)
  5 sky beasts
  3 ice beasts
  An orc warrior (D:9)
  2 phantoms
  A black bear (D:11)
  A necrophage (D:8)
  3 slaves (D:6)
  A wolf (D:10)
  An ogre (D:9)
  9 bullfrogs
  2 big kobolds
  A gnoll sergeant (D:10)
  A wyvern skeleton (D:10)
  A hornet simulacrum (D:10)
  5 killer bees
  4 wights (D:5)
  An electric eel (D:10)
  3 crimson imps
  2 jellies
  3 orc priests
  A bullfrog zombie (D:9)
  A centaur skeleton (D:9)
  8 hounds
  4 orc wizards
  Ijyb (D:5)
  2 iguanas
  7 worker ants
  A bullfrog simulacrum (D:10)
  A centaur simulacrum (D:10)
  9 gnolls
  7 adders
  A hound simulacrum (D:10)
  A shadow imp (D:6)
  2 white imps (D:10)
  An ooze (D:6)
  2 adder skeletons
  2 worms
  2 dart slugs (D:3)
  3 leopard geckos
  19 orcs
  2 giant cockroaches
  12 goblins
  4 hobgoblins
  6 jackals
  4 quokkas
  A ball python (D:1)
  6 bats
  5 frilled lizards
  12 kobolds
  A quokka skeleton (D:7)
  6 rats
216 creatures vanquished.

Vanquished Creatures (collateral kills)
  2 two-headed ogres
  A skeletal warrior (D:12)
  An unseen horror (D:12)
  Pikel (D:6)
  A wolf spider zombie (D:12)
  A centaur zombie (D:12)
  A centaur skeleton (D:10)
  An ice devil (D:12)
  A polar bear (D:10)
  2 slime creatures (D:12)
  A centaur simulacrum (D:10)
  A yak (D:10)
  A human (D:7)
  A hog (D:7)
  An orc warrior (D:9)
  A black bear (D:10)
  A swamp drake (D:12)
  A phantom (D:5)
  A sky beast (D:8)
  The ghost of Delanovic the Grave Robber, an amateur DDNe (D:3)
  3 ice beasts
  2 centaurs
  A water moccasin zombie (D:8)
  3 killer bees
  A wight (D:5)
  A crimson imp (D:11)
  A hound (D:8)
  2 iguanas
  2 worker ants (D:9)
  A gnoll (D:10)
  An adder (D:8)
  A shadow imp (D:10)
  A white imp (D:10)
  An ufetubus (D:10)
  A leopard gecko (D:8)
  4 orcs
  2 giant cockroaches (D:8)
  2 jackals (D:5)
  2 kobolds
  A quokka (D:10)
  A ball python (D:2)
56 creatures vanquished.

Vanquished Creatures (others)
  A slave (D:9)
  9 knights
  2 ancestors
12 creatures vanquished.

Grand Total: 284 creatures vanquished

Notes
Turn   | Place    | Note
-------+----------+-------------------------------------------
     0 | D:1      | KingHarkinian the Gargoyle Earth Elementalist began the quest for the Orb.
     0 | D:1      | Reached XP level 1. HP: 10/10 MP: 3/3
   188 | D:1      | Reached skill level 4 in Earth Magic
   207 | D:1      | Reached XP level 2. HP: 12/15 MP: 1/5
  1147 | D:2      | Reached XP level 3. HP: 15/19 MP: 2/6
  1187 | D:2      | Learned a level 3 spell: Stone Arrow
  1190 | D:2      | Learned a level 2 spell: Passwall
  1470 | D:2      | Reached skill level 5 in Earth Magic
  1523 | D:2      | Found a hazy altar of Hepliaklqana.
  1534 | D:2      | Became a worshipper of Hepliaklqana the Forgotten
  1985 | D:3      | Reached skill level 1 in Conjurations
  2063 | D:3      | Reached XP level 4. HP: 21/21 MP: 5/7
  2116 | D:3      | Noticed Delanovic's ghost (amateur DDNe)
  2125 | D:3      | Killed Delanovic's ghost
  2125 | D:3      | Reached skill level 6 in Earth Magic
  2125 | D:3      | Reached XP level 5. HP: 24/25 MP: 1/9
  2131 | D:3      | Learned a level 4 spell: Petrify
  2272 | D:3      | Found a basalt altar of Yredelemnul.
  2436 | D:3      | Found an ancient bone altar of Kikubaaqudgha.
  2443 | D:3      | Reached XP level 6. HP: 28/28 MP: 8/10
  2619 | D:4      | Found a hide-covered altar of Uskayaw.
  2811 | D:4      | Found a sparkling altar of Nemelex Xobeh.
  2826 | D:4      | Found an iron altar of Okawaru.
  2848 | D:4      | Noticed Groucho's ghost (amateur FeMo)
  3084 | D:4      | Reached skill level 7 in Earth Magic
  3088 | D:4      | Reached XP level 7. HP: 23/32 MP: 6/12
  3095 | D:4      | Killed Groucho's ghost
  3268 | D:4      | Found a staircase to the Ecumenical Temple.
  3274 | Temple   | Entered the Ecumenical Temple
  3276 | Temple   | Reached * piety under Hepliaklqana
  3543 | D:5      | Entered Level 5 of the Dungeon
  3605 | D:5      | Reached skill level 8 in Earth Magic
  3890 | D:5      | Reached XP level 8. HP: 36/36 MP: 11/14
  3897 | D:5      | Learned a level 5 spell: Lee's Rapid Deconstruction
  4225 | D:5      | Found a white marble altar of Elyvilon.
  4227 | D:5      | Found a glowing silver altar of Zin.
  4228 | D:5      | Found a glowing golden altar of the Shining One.
  4310 | D:5      | Found a burning altar of Makhleb.
  4375 | D:5      | Noticed Ijyb
  4380 | D:5      | Killed Ijyb
  4387 | D:5      | Reached skill level 9 in Earth Magic
  4877 | D:5      | Found Peudghoe's Assorted Antiques.
  4882 | D:5      | Bought an emerald potion for 20 gold pieces
  5308 | D:6      | Noticed Pikel
  5316 | D:6      | Killed Pikel
  5316 | D:6      | Reached skill level 5 in Spellcasting
  5316 | D:6      | Reached skill level 5 in Conjurations
  5316 | D:6      | Reached skill level 10 in Earth Magic
  5316 | D:6      | Reached XP level 9. HP: 40/40 MP: 3/17
  5530 | D:6      | Reached ** piety under Hepliaklqana
  5531 | D:6      | Remembered your ancestor Octavia as a knight
  5638 | D:6      | Reached skill level 1 in Fighting
  6347 | D:6      | Reached skill level 1 in Maces & Flails
  6501 | D:7      | Reached skill level 1 in Evocations
  7158 | D:7      | Found a blossoming altar of Fedhas.
  7261 | D:7      | Found a stormy altar of Qazlal.
  7417 | D:7      | Reached *** piety under Hepliaklqana
  7597 | D:8      | Reached skill level 5 in Fighting
  7669 | D:8      | Reached XP level 10. HP: 53/53 MP: 11/18
  8159 | D:8      | Noticed a two-headed ogre
  8173 | D:8      | Killed a two-headed ogre
  8347 | D:8      | Found a shattered altar of Ashenzari.
  8411 | D:9      | Noticed a two-headed ogre
  8416 | D:8      | Killed a two-headed ogre
  8416 | D:8      | Reached skill level 11 in Earth Magic
  8452 | D:9      | Found a staircase to the Lair.
  8795 | D:9      | Found a bloodstained altar of Trog.
  8931 | D:9      | Noticed a two-headed ogre
  8934 | D:9      | Killed a two-headed ogre
  8977 | D:9      | Reached XP level 11. HP: 60/60 MP: 0/19
  9571 | D:10     | Entered Level 10 of the Dungeon
  9719 | D:10     | Reached **** piety under Hepliaklqana
  9732 | D:10     | Reached skill level 12 in Earth Magic
  9736 | D:10     | Noticed a two-headed ogre
  9739 | D:10     | Killed a two-headed ogre
  9774 | D:10     | Noticed a two-headed ogre
  9787 | D:11     | Noticed a two-headed ogre
 10125 | D:10     | Killed a two-headed ogre
 10164 | D:10     | Reached skill level 13 in Earth Magic
 10880 | D:11     | Noticed a two-headed ogre
 10930 | D:11     | Killed a two-headed ogre
 10979 | D:11     | Killed a two-headed ogre
 11107 | D:11     | Found a white marble altar of Elyvilon.
 11353 | D:11     | Reached XP level 12. HP: 64/64 MP: 16/23
 11475 | D:11     | Noticed a two-headed ogre
 11479 | D:11     | Killed a two-headed ogre
 11479 | D:11     | Reached skill level 14 in Earth Magic
 12145 | D:12     | Found a frozen archway.
 12163 | IceCv    | Entered an ice cave
 12785 | D:12     | Reached skill level 15 in Earth Magic
 12896 | D:12     | Noticed a two-headed ogre
 12900 | D:12     | Killed a two-headed ogre
 13022 | D:12     | Reached ***** piety under Hepliaklqana
 13022 | D:12     | Noticed a two-headed ogre
 13036 | D:12     | Killed a two-headed ogre
 13127 | D:12     | Slain by a very large slime creature

Skill      XL: |  1  2  3  4  5  6  7  8  9 10 11 12 |
---------------+-------------------------------------+-----
Earth Magic    | 4 5 6 7 8 10 11 13 15 | 15.5
Conjurations   | 1 2 3 4 5 6 8 9 |  9.7
Spellcasting   | 3 4 5 7 8 |  8.6
Fighting       | 5 7 |  7.0
Maces & Flails | 3 4 |  4.0
Dodging        | 3 4 |  4.1
Evocations     | 2 4 |  4.0
Stealth        | |  2.1
Transmutations | |  0.7

Action                   |  1- 3 |  4- 6 |  7- 9 | 10-12 || total
-------------------------+-------+-------+-------+-------++-------
Melee: Short sword       |    30 |       |       |       ||    30
       Mace              |     2 |     4 |    61 |    96 ||   163
Throw: Stone             |     4 |     1 |    10 |    17 ||    32
 Cast: Sandblast         |    39 |    63 |    51 |   160 ||   313
       Lee's Rapid Decon |       |       |    25 |    70 ||    95
       Stone Arrow       |       |       |    12 |    14 ||    26
       Petrify           |       |       |     2 |       ||     2
Invok: Ancestor Life: Kn |       |       |     1 |       ||     1
Evoke: Wand              |       |       |       |     4 ||     4
  Use: Scroll            |     5 |     5 |     4 |    16 ||    30
 Stab: Sleeping          |     1 |       |       |       ||     1
  Eat: Chunk             |     4 |     3 |    17 |    27 ||    51
       Ration            |       |       |     2 |     2 ||     4
Armor: Robe              |    14 |     3 |    31 |    39 ||    87
       Troll leather arm |       |       |       |    51 ||    51
Dodge: Dodged            |    34 |    12 |    50 |   149 ||   245
Block: Other             |       |       |       |    16 ||    16
